 Dungeon Crawl Stone Soup version 0.20.0-15-g7f486f2 (webtiles) character file.

2032 vishdafish the Covered (level 9, -2/55 HPs)
             Began as a Gargoyle Fighter on June 23, 2017.
             Slain by an ogre
             ... wielding a +0 giant spiked club
              (25 damage)
             ... on level 7 of the Dungeon.
             The game lasted 00:11:27 (5276 turns).

vishdafish the Covered (Gargoyle Fighter)           Turns: 5276, Time: 00:11:28

Health: -2/55      AC: 17    Str: 21    XL:     9   Next: 23%
Magic:  9/9        EV:  9    Int: 10    God:
Gold:   398        SH: 10    Dex: 10    Spells: 8/8 levels left

rFire    . . .     SeeInvis .   a - +0 flail
rCold    . . .     Gourm    +   c - +0 shield
rNeg     + . .     Faith    .   b - +0 scale mail
rPois    ∞         Spirit   .   g - +0 helmet
rElec    +         Reflect  .   k - +1 cloak
rCorr    .         Harm     .   (no gloves)
MR       .....                  (no boots)
Stlth    ..........             r - amulet of the gourmand
Regen    0.2/turn               A - +2 ring of slaying
MPRegen  0.2/turn               (no ring)

@: no status effects
A: negative energy resistance 1, electricity resistance, unbreathing,
petrification resistance, rot immunity, AC +5
a: no special abilities


You were on level 7 of the Dungeon.
You were very full.

You visited 1 branch of the dungeon, and saw 7 of its levels.

You collected 398 gold pieces.

Inventory:

Hand Weapons
 a - a +0 flail (weapon)
 o - a +3 quarterstaff of chaos
Armour
 b - a +0 scale mail (worn)
 c - a +0 shield (worn)
 g - a +0 helmet (worn)
 k - a +1 cloak (worn)
 p - a +0 cloak
Jewellery
 r - an amulet of the gourmand (around neck)
 A - a +2 ring of slaying (left hand)
Wands
 t - a wand of clouds (4/9)
 y - a wand of confusion (12/48)
Scrolls
 d - a scroll of enchant armour {unknown}
 e - 6 scrolls of teleportation
 i - a scroll of enchant weapon {unknown}
 j - 2 scrolls of remove curse
 m - 2 scrolls of recharging {unknown}
 s - a scroll of amnesia {unknown}
 u - 2 scrolls of blinking {unknown}
 x - a scroll of fear {unknown}
 z - a scroll of brand weapon {unknown}
 B - 2 scrolls of random uselessness {unknown}
 C - a scroll of noise {unknown}
 D - a scroll of magic mapping {unknown}
 E - a scroll of fog {unknown}
Potions
 l - 3 potions of curing
 n - 3 potions of lignification
 q - a potion of cancellation
 v - 2 potions of ambrosia {unknown}
Comestibles
 f - 6 bread rations
 h - 7 fruits


   Skills:
 + Level 5.7 Fighting
 + Level 6.7 Maces & Flails
 + Level 7.0 Armour
 + Level 3.2 Dodging
 + Level 1.0 Stealth
 + Level 6.8 Shields


You had 8 spell levels left.
You didn't know any spells.

Dungeon Overview and Level Annotations

Branches:
Dungeon (7/15)
 Temple: D:4-7

Altars:
Elyvilon
Fedhas
Kikubaaqudgha
Sif Muna
Trog
Uskayaw
Vehumet

Shops:
D:4 :

Annotations:
D:5 Prince Ribbit


Innate Abilities, Weirdness & Mutations

You are resistant to torment.
Your stone body is resilient. (AC +5)
You are immune to poison.
You resist negative energy. (rN+)
You are resistant to electric shocks. (rElec)
You can survive without breathing.
You are immune to petrification.
You are immune to rotting.


Message History

The ogre is severely wounded.
The ogre hits you with a giant spiked club!
You are too injured to fight recklessly!
You are too injured to fight recklessly!
You are too injured to fight recklessly!
You are too injured to fight recklessly!
You are too injured to fight recklessly!
You are too injured to fight recklessly!
You are too injured to fight recklessly!
You are too injured to fight recklessly!
You are too injured to fight recklessly!
You are too injured to fight recklessly!
You are too injured to fight recklessly!
You barely miss the ogre.
The ogre is severely wounded.
The ogre closely misses you.
You completely miss the ogre.
The ogre is severely wounded.
The ogre hits you with a giant spiked club!!
You die...

#..#≈≈≈≈≈≈≈≈≈
###.≈≈≈≈≈≈≈#≈ #
#≈≈≈≈≈≈≈#≈≈ #.
###+##≈≈≈≈≈≈≈≈≈#≈ #.
#.#.##≈≈≈(..#...≈
#..##...#.[≈≈.?⌠..<.⌠
#..#...##.≈≈≈≈.≈≈.[(≈
#..O......≈≈≈≈≈≈≈≈≈≈≈
#@..#...≈≈≈≈≈≈≈≈≈≈
##.##....≈≈≈≈≈≈≈≈≈
#.......≈≈≈≈#≈≈≈≈
####.....#≈≈≈≈≈≈#
##.....#.≈≈≈≈≈≈
#............≈≈.≈≈
#.............#.##
..###..#..##...#.## .
#..#..##.......


You could see an ogre.

Vanquished Creatures
  The ghost of Terandir the Thaumaturge, a novice DEEE of Okawaru (D:7)
  Grinder (D:6)
  A hungry ghost (D:6)
  Duvessa (D:6)
  2 ice beasts
  A phantom (D:5)
  4 bullfrogs
  Dowan (D:6)
  A scorpion (D:4)
  2 electric eels (D:7)
  A crimson imp (D:6)
  A hound (D:6)
  A gnoll shaman (D:4)
  Crazy Yiuf (D:6)
  A worker ant (D:4)
  8 adders
  7 gnolls
  An ooze (D:1)
  An adder skeleton (D:6)
  4 worms
  8 dart slugs
  3 leopard geckos
  3 orcs (D:4)
  4 bats (D:2)
  A bat zombie (D:4)
  3 giant cockroaches
  9 hobgoblins
  8 jackals
  7 quokkas
  7 frilled lizards
  4 kobolds
  11 rats
  2 rat zombies (D:4)
111 creatures vanquished.

Notes
Turn   | Place    | Note
-------+----------+-------------------------------------------
     0 | D:1      | vishdafish the Gargoyle Fighter began the quest for the Orb.
     0 | D:1      | Reached XP level 1. HP: 14/14 MP: 1/1
    74 | D:1      | Reached XP level 2. HP: 11/19 MP: 2/2
   806 | D:2      | Reached XP level 3. HP: 17/24 MP: 3/3
  1002 | D:2      | Found a radiant altar of Vehumet.
  1003 | D:2      | Found a hide-covered altar of Uskayaw.
  1004 | D:2      | Found a deep blue altar of Sif Muna.
  1004 | D:2      | Found a blossoming altar of Fedhas.
  1173 | D:2      | Reached XP level 4. HP: 29/29 MP: 4/4
  1916 | D:3      | Found a faded altar of an unknown god.
  2017 | D:3      | Reached XP level 5. HP: 25/33 MP: 5/5
  2313 | D:4      | Reached skill level 1 in Dodging
  2360 | D:4      | Reached skill level 4 in Armour
  2440 | D:4      | Found Otaimaj's Book Emporium.
  2558 | D:4      | Reached XP level 6. HP: 33/38 MP: 6/6
  2914 | D:4      | Found an ancient bone altar of Kikubaaqudgha.
  2916 | D:4      | You fall through a shaft!
  2916 | D:5      | Entered Level 5 of the Dungeon
  2916 | D:5      | Noticed a phantom
  2948 | D:5      | Killed a phantom
  3093 | D:4      | Found a white marble altar of Elyvilon.
  3418 | D:5      | Noticed Prince Ribbit
  3452 | D:5      | Noticed an ice beast
  3464 | D:5      | Killed an ice beast
  3464 | D:5      | Reached XP level 7. HP: 14/44 MP: 7/7
  3716 | D:6      | Noticed Duvessa
  3716 | D:6      | Noticed Dowan
  3744 | D:6      | Killed Duvessa
  3744 | D:6      | Reached skill level 5 in Shields
  3745 | D:6      | HP: 1/44 [Dowan/shard of ice (18)]
  3767 | D:6      | Killed Dowan
  3778 | D:6      | Reached skill level 5 in Armour
  4060 | D:6      | Noticed Grinder
  4061 | D:6      | Paralysed by Grinder for 7 turns
  4078 | D:6      | Paralysed by Grinder for 7 turns
  4099 | D:6      | Killed Grinder
  4099 | D:6      | Reached skill level 5 in Fighting
  4099 | D:6      | Reached XP level 8. HP: 40/49 MP: 8/8
  4129 | D:6      | Reached skill level 5 in Maces & Flails
  4148 | D:6      | Noticed a moth of wrath
  4151 | D:6      | Found a bloodstained altar of Trog.
  4229 | D:6      | Found a runed door.
  4526 | D:6      | Reached skill level 6 in Armour
  4756 | D:6      | Noticed Crazy Yiuf
  4759 | D:6      | Killed Crazy Yiuf
  5211 | D:7      | Reached skill level 1 in Stealth
  5221 | D:7      | Noticed Terandir's ghost (novice DEEE)
  5237 | D:7      | HP: 1/50 [Terandir's ghost/stone arrow (24)]
  5250 | D:7      | Killed Terandir's ghost
  5250 | D:7      | Reached skill level 7 in Armour
  5250 | D:7      | Reached XP level 9. HP: 36/55 MP: 9/9
  5276 | D:7      | Slain by an ogre

Skill      XL: |  1  2  3  4  5  6  7  8 |
---------------+-------------------------+-----
Maces & Flails | 3 4 6 |  6.7
Fighting       | 4 5 |  5.7
Dodging        | 1 2 3 |  3.2
Armour         | 4 5 7 |  7.0
Shields        | 4 5 6 |  6.8
Stealth        | 1 |  1.0

Action                   |  1- 3 |  4- 6 |  7- 9 || total
-------------------------+-------+-------+-------++-------
Melee: Flail             |   116 |   272 |   286 ||   674
  Use: Scroll            |       |     7 |     2 ||     9
       Potion            |       |     1 |     7 ||     8
  Eat: Chunk             |       |    10 |    16 ||    26
       Royal jelly       |       |       |     3 ||     3
       Meat ration       |       |       |     1 ||     1
Armor: Scale mail        |    59 |   191 |   156 ||   406
Dodge: Dodged            |    35 |   106 |    94 ||   235
Block: Shield            |    55 |   170 |   134 ||   359
